 Dungeon Crawl Stone Soup version 0.32-a0-938-g40ac7a0f4d (webtiles) character file.

Game seed: 7863750704964215990

5946 Revguard the Fighter (level 10, -10/83 HPs)
             Began as a Coglin Berserker on Apr 15, 2024.
             Was an Elder of Trog.
             Mangled by a komodo dragon (26 damage)
             ... on level 9 of the Dungeon.
             The game lasted 00:25:43 (9227 turns).

Revguard the Fighter (Coglin Berserker)             Turns: 9227, Time: 00:25:43

Health: -10/83     AC: 11    Str: 25    XL:     10   Next: 84%
Magic:  10/10      EV: 12    Int:  9    God:    Trog [****..]
Gold:   636        SH:  0    Dex: 12    Spells: 9/9 levels left

rFire   + . .        a - +0 hand axe {Waldo}
rCold   . . .        y - +1 whip (elec) {Somchai}
rNeg    . . .        D - +2 ring mail {rF+}
rPois   .            t - +1 helmet
rElec   .            (no cloak)
rCorr   .            (no gloves)
SInv    .            d - +0 pair of boots
Will    .....        (amulet unavailable)
Stlth   +            (ring unavailable)
HPRegen 0.33/turn    (ring unavailable)
MPRegen 0.12/turn    (no gizmo)

%: no passive effects
@: revved
A: off-hand wielding, slow wielding, warmup strikes, no jewellery, clever 1,
strong 1
a: Invent Gizmo, Renounce Religion, Berserk, Trog's Hand, Brothers in Arms


You were on level 9 of the Dungeon.
You worshipped Trog.
Trog was greatly pleased with you.
You visited 1 branch of the dungeon, and saw 9 of its levels.
You also visited: Sewer and Ossuary.

You collected 636 gold pieces.

Inventory:

Hand Weapons
 a - a +0 hand axe (weapon) {Waldo}
 g - a +2 dagger of protection {Hisao}
 y - a +1 whip of electrocution (offhand) {Somchai}
Missiles
 v - 5 throwing nets (quivered)
Armour
 d - a +0 pair of boots (worn)
 t - a +1 helmet (worn)
 D - a +2 ring mail of fire resistance (worn)
Wands
 m - a wand of warping (11)
 r - a wand of flame (64)
Scrolls
 b - a scroll of enchant armour
 e - 2 scrolls of blinking
 i - 5 scrolls of teleportation
 j - 2 scrolls of noise
 k - 3 scrolls of fog
 n - a scroll of vulnerability
 s - a scroll of torment
 x - a scroll of fear
 B - 2 scrolls of enchant weapon
Potions
 c - 2 potions of lignification
 f - a potion of mutation
 h - 3 potions of invisibility
 l - 4 potions of heal wounds {unknown}
 p - 2 potions of brilliance
 q - 2 potions of enlightenment
 u - 4 potions of curing
 w - 3 potions of cancellation
 z - a potion of resistance
 E - 2 potions of ambrosia


   Skills:
 * Level 9.1 Fighting
 * Level 9.0 Axes
 + Level 5.9 Armour
 + Level 5.9 Dodging
 + Level 7.7 Evocations


You had 9 spell levels left.
You didn't know any spells.
Your spell library was empty.

Dungeon Overview and Level Annotations

Branches:
Dungeon (9/15)             Temple (0/1) D:5            Lair (0/5) D:9
  Sewer (visited)         Ossuary (visited)
    Orc: D:9-12

Altars:
Ashenzari
Cheibriados
Elyvilon
Hepliaklqana
Kikubaaqudgha
Makhleb
Qazlal
Uskayaw
The Shining One

Shops:
D:3 =


Innate Abilities, Weirdness & Mutations

You can wield a second weapon in your off-hand.
It takes a long time for you to wield or remove held weapons.
Your first few attacks do less damage.
You cannot equip rings or amulets.
Your mind is acute. (Int +4, Str/Dex -1)
Your muscles are strong. (Str +4, Int/Dex -1)


Message History

Moving in this stuff is going to be slow.
You now have 636 gold pieces (gained 5).
A komodo dragon comes into view.
The komodo dragon hisses angrily.
The komodo dragon moves out of view.
A komodo dragon is nearby!
You hit the komodo dragon but do no damage.
Lightning courses through the komodo dragon!!
The komodo dragon is moderately wounded.
You barely miss the komodo dragon with your +0 hand axe.
The komodo dragon bites you!!
You hit the komodo dragon but do no damage.
The komodo dragon is moderately wounded.
You hit the komodo dragon with your +1 whip of electrocution.
The komodo dragon barely misses you.
You barely miss the komodo dragon with your +1 whip of electrocution.
The komodo dragon is heavily wounded.
You barely miss the komodo dragon with your +0 hand axe.
The komodo dragon completely misses you.
You slash the komodo dragon with your +0 hand axe!
The komodo dragon is heavily wounded.
You hit the komodo dragon but do no damage.
The komodo dragon bites you!!
You closely miss the komodo dragon with your +1 whip of electrocution.
The komodo dragon is heavily wounded.
You hit the komodo dragon with your +0 hand axe.
You hit the komodo dragon with your +0 hand axe.
The komodo dragon is almost dead.
You closely miss the komodo dragon with your +1 whip of electrocution.
The komodo dragon bites you!!
* * * LOW HITPOINT WARNING * * *
You barely miss the komodo dragon with your +0 hand axe.
The komodo dragon is almost dead.
You barely miss the komodo dragon with your +1 whip of electrocution.
The komodo dragon barely misses you.
You hit the komodo dragon with your +0 hand axe.
The komodo dragon is almost dead.
You barely miss the komodo dragon with your +1 whip of electrocution.
The komodo dragon bites you!!
You die...

.. ...... ........
#..~... #..... #....
#...### ####.#l..##
#....@....# ## ##+
#.........# #..#..
#.........# #.##..
#.........#######.##..
###.............>...##..
#.........~~~~≈~........
#.........~≈≈≈≈≈~....~..
#......~..~~≈≈≈≈≈~≈..~.~
#......~~≈~~~≈≈≈≈≈≈.~~~.


You could see a komodo dragon.

Vanquished Creatures
  Pikel (D:7)
  A hornet (D:9)
  A wyvern (D:9)
  3 vampire mosquitoes (D:8)
  Edmund (D:6)
  A steam dragon (D:9)
  A water moccasin (D:5)
  Duvessa (D:7)
  Pargi (Sewer)
  2 orc warriors
  3 sky beasts
  A black bear (D:4)
  2 phantoms
  4 centaurs
  A lemure (D:7)
  5 kobold brigands
  A brain worm (Sewer)
  A weeping skull (Ossuary)
  3 bullfrogs (D:7)
  4 water moccasin zombies (Ossuary)
  2 scorpions
  Dowan (D:7)
  4 killer bees (D:9)
  A howler monkey (D:6)
  2 electric eels (D:8)
  A centaur zombie (D:8)
  An orc priest (D:7)
  4 hounds
  A jelly (Sewer)
  A human skeleton (D:8)
  An iguana (D:7)
  A sleepcap (D:6)
  An orc wizard (D:9)
  3 killer bee zombies (D:8)
  A crocodile zombie (Ossuary)
  A bullfrog simulacrum (Ossuary)
  A hound skeleton (D:8)
  3 mummies
  Robin (D:3)
  8 adders
  20 gnolls
  2 white imps (D:8)
  4 adder zombies (Ossuary)
  4 dart slugs
  3 ribbon worms
  12 orcs
  6 bats
  7 endoplasms
  3 giant cockroaches
  9 gnoll zombies (Ossuary)
  9 goblins
  15 hobgoblins
  6 jackals
  45 kobolds
  5 quokkas
  3 ball pythons
  8 frilled lizards
  4 jackal zombies (Ossuary)
  4 orc zombies (Ossuary)
  7 rats
253 creatures vanquished.

Vanquished Creatures (collateral kills)
  A troll (D:9)
  4 yaks (D:9)
  A steam dragon (D:9)
  2 wolves (D:9)
  A hound (D:9)
9 creatures vanquished.

Vanquished Creatures (others)
  A hound (D:9)
1 creature vanquished.

Grand Total: 263 creatures vanquished

Notes
Turn   | Place    | Note
-------+----------+-------------------------------------------
     0 | D:1      | Revguard the Coglin Berserker began the quest for the Orb.
     0 | D:1      | Reached XP level 1. HP: 18/18 MP: 1/1
    45 | D:1      | Reached XP level 2. HP: 4/24 MP: 2/2
   242 | D:1      | Reached skill level 1 in Evocations
   242 | D:1      | Reached XP level 3. HP: 29/29 MP: 3/3
   351 | D:1      | Reached ** piety under Trog
   887 | D:2      | Found a broken altar of Ashenzari.
   974 | D:2      | Reached XP level 4. HP: 4/36 MP: 4/4
   975 | D:2      | HP: 2/54 [gnoll/+0 spear (2)]
  1792 | D:3      | Reached XP level 5. HP: 34/42 MP: 5/5
  1836 | D:3      | Found a hide-covered altar of Uskayaw.
  1967 | D:3      | Noticed Robin
  1982 | D:3      | Killed Robin
  2065 | D:3      | Reached *** piety under Trog
  2108 | D:3      | Found Wihoyjax's Jewellery Shoppe.
  2309 | D:3      | Noticed a kobold brigand
  2319 | D:3      | Killed a kobold brigand
  2320 | D:3      | Reached XP level 6. HP: 23/49 MP: 6/6
  2835 | D:3      | Reached XP level 7. HP: 55/55 MP: 7/7
  3285 | D:4      | Found a glowing drain.
  3289 | D:4      | Reached **** piety under Trog
  3296 | Sewer    | Entered a sewer
  3415 | Sewer    | Noticed Pargi
  3429 | Sewer    | Killed Pargi
  3430 | Sewer    | Reached skill level 5 in Fighting
  3430 | Sewer    | Reached skill level 5 in Axes
  3622 | D:4      | Reached XP level 8. HP: 38/63 MP: 8/8
  4160 | D:4      | Found a white marble altar of Elyvilon.
  4325 | D:5      | Entered Level 5 of the Dungeon
  4347 | D:5      | Found a glowing golden altar of the Shining One.
  4696 | D:5      | Found a staircase to the Ecumenical Temple.
  5044 | D:6      | Noticed Edmund
  5065 | D:6      | Killed Edmund
  5066 | D:6      | Reached skill level 5 in Evocations
  5095 | D:6      | Found an ancient bone altar of Kikubaaqudgha.
  5217 | D:6      | Found a stormy altar of Qazlal.
  5398 | D:6      | Found a sand-covered staircase.
  5407 | Ossuary  | Entered an ossuary
  5442 | Ossuary  | Reached XP level 9. HP: 67/71 MP: 9/9
  5645 | Ossuary  | Gained mutation: Your mind is acute. (Int +4, Str/Dex -1)
                  | [potion of mutation]
  5645 | Ossuary  | Gained mutation: Your muscles are strong. (Str +4, Int/Dex
                  | -1) [potion of mutation]
  6253 | D:7      | Noticed Dowan
  6254 | D:7      | Noticed Duvessa
  6261 | D:7      | Killed Duvessa
  6264 | D:7      | Killed Dowan
  6407 | D:7      | Noticed Pikel
  6415 | D:7      | Killed Pikel
  6420 | D:7      | Reached skill level 5 in Armour
  6420 | D:7      | Reached skill level 5 in Dodging
  6568 | D:7      | Found a snail-covered altar of Cheibriados.
  6997 | D:7      | Reached XP level 10. HP: 80/80 MP: 10/10
  7612 | D:8      | Found a hazy altar of Hepliaklqana.
  8253 | D:8      | Found a burning altar of Makhleb.
  8896 | D:9      | Paralysed by a hornet for 3 turns
  9073 | D:9      | Found a staircase to the Lair.
  9227 | D:9      | Mangled by a komodo dragon

Illustrated notes

Levels and vault maps discovered:
D:1:      giann_forest_graveyard, layout_basic
D:2:      layout_basic, basic_altar
D:3:      minmay_goblin_kobold_castle, layout_basic, nicolae_uskayaw_dance_hall,
          serial_shops, nicolae_shop_behind_doors, item_on_display_a, uniq_robin
D:4:      layout_loops_ring, nicolae_overflow_hidden_temple, elyvilon_altar_3,
          gup_sewer_entry_bubbles
D:5:      layout_cave_pools, kennysheep_mini, temple_hall
D:6:      layout_cave_pools, mainiacjoe_overflow_brackets,
          kiku_gazebo_pond_becter, nicolae_ossuary_entry_ruins, uniq_edmund
D:7:      layout_layer_cave, cheibrodos_worm_habitat, uniq_duvessa, uniq_pikel
D:8:      layout_layer_cave, old_standard_altar, makhleb_blood_cavern_becter,
          minmay_holes, fungi_pond_lemuel, minmay_mini_ossuary
D:9:      layout_basic, erik_lair_island

Skill      XL: |  1  2  3  4  5  6  7  8  9 10 |
---------------+-------------------------------+-----
Armour         | 2 3 4 5 |  5.9
Dodging        | 2 3 4 5 |  5.9
Evocations     | 1 2 3 4 5 6 7 |  7.7
Fighting       | 4 5 6 7 9 |  9.1
Axes           | 4 5 6 7 9 |  9.0

Action                     |  1- 3 |  4- 6 |  7- 9 | 10-12 || total
---------------------------+-------+-------+-------+-------++-------
  Melee: Hand axe          |    57 |   134 |   294 |   119 ||   604
         Dagger            |    51 |   124 |    80 |       ||   255
         Whip              |       |       |   215 |   120 ||   335
 Invoke: Berserk           |     4 |     2 |     5 |     2 ||    13
         Trog's Hand       |     1 |     1 |     4 |     2 ||     8
         Brothers in Arms  |       |       |       |     1 ||     1
  Evoke: Wand              |       |       |       |     1 ||     1
    Use: Scroll            |       |       |    18 |     4 ||    22
         Potion            |       |       |     1 |     1 ||     2
   Stab: Sleeping          |     1 |       |     2 |       ||     3
 Armour: Animal skin       |    45 |     6 |       |       ||    51
         Leather armour    |       |   139 |   125 |       ||   264
         Ring mail         |       |       |    96 |   137 ||   233
  Dodge: Dodged            |    64 |   127 |   168 |   123 ||   482

Table legend: (Time is in decaauts)
 A = Elapsed time spent in this place.
 B = Non-inter-level travel time spent in this place.
 C = Inter-level travel time spent in this place.
 D = Time resting spent in this place.
 E = Time spent auto-exploring this place.
 F = Levels seen in this place.
 G = Mean time per level.
                   A        B        C        D        E       F      G
               +--------+--------+--------+--------+--------+-----+--------+
         Total |   9399 |   9119 |    280 |    136 |   7155 |  11 |  854.5 |
       Dungeon |   8868 |   8588 |    280 |    102 |   6911 |   9 |  985.3 |
         Sewer |    227 |    227 |      0 |      0 |    142 |   1 |  227.0 |
       Ossuary |    303 |    303 |      0 |     34 |    102 |   1 |  303.0 |
               +--------+--------+--------+--------+--------+-----+--------+

Top non-repeatable levels by time:
     D:3: 1450 daAuts
     D:7: 1411 daAuts
     D:8: 1372 daAuts
     D:4: 938 daAuts
     D:1: 926 daAuts
     D:2: 905 daAuts
     D:6: 785 daAuts
     D:5: 616 daAuts
     D:9: 463 daAuts
 Ossuary: 303 daAuts
   Sewer: 227 daAuts
